AoeStats
← brule.jeremie

Lombardia

509308868Analyzed
4v4 RM · 7d ago on Sep 26, 2026· 20m 14s· 8 players
Game mode
Random Map
Map size
Large (8 player)
Population
200
Speed
Normal
Resources
Standard
Victory
Conquest
Starting age
Dark Age
Ending age
Imperial Age
RankedLock teamsTeams togetherTeam positionsShared explorationLock speedFull tech treeHidden civsTurbo modeCheats
Victory
Defeat
🇲🇽 Vikings · Mexico
852
+13
🇬🇧 Bulgarians · United Kingdom
828
+14
🇨🇳 Japanese · China
828
+14
🇫🇷 Mongols · France
766
+18
🇨🇳 Saxons · China
813
-15
🇨🇳 Cumans · China
799
-15
🇨🇳 Gurjaras · China
792
-15
🇹🇼 Danes · Taiwan
764
-14
Hot_Sauce_0524
12:58 Feudal Age
16:34 Double-Bit Axe
19:07 Castle Age
18:11 Horse Collar
20:26 Forging
1786280939
seven
天地银行行长
ISpillTheCoffee
5:59 Loom
11:59 Feudal Age
13:19 Town Watch
16:53 Arson
19:13 Forging
19:55 Scale Mail Armor
brule.jeremie
only1
Columbus
5:14 Loom
11:19 Feudal Age
12:48 Town Watch
15:43 Castle Age
15:47 Crossbowman
17:44 Fletching
18:22 Double-Bit Axe
21:03 Forging
Connection lost

Rejoining the realm…

Still unreachable

The connection could not be restored.

Session expired

The server has moved on; the page needs a fresh start.